 Dungeon Crawl Stone Soup version 0.17-a0-1105-gbe8b664 (webtiles) character file.

1013 Jakers the Poker (level 8, -10/61 HPs)
             Began as a Merfolk Gladiator on May 21, 2015.
             Was an Initiate of Okawaru.
             Killed by divine providence
             ... invoked by an orc priest
              (17 damage)
             ... on level 6 of the Dungeon.
             The game lasted 00:20:26 (3633 turns).

Jakers the Poker (Merfolk Gladiator)                Turns: 3633, Time: 00:20:26

Health: -10/61     AC:  8    Str: 17    XL:     8   Next: 21%
Magic:  8/8        EV: 11    Int:  8    God:    Okawaru [......]
Gold:   331        SH: 13    Dex: 14    Spells: 0 memorised, 7 levels left

rFire  . . .     SeeInvis .     a - +1 trident
rCold  . . .     Clarity  .     e - +0 leather armour (curse)
rNeg   . . .     SustAb   .     A - +2 large shield
rPois  .         Gourm    .     c - +0 helmet
rElec  .         Spirit   .     (no cloak)
rCorr  .         Warding  .     x - +0 pair of gloves
rMut   .         Stasis   .     i - +2 pair of boots
MR     .....                    n - amulet of regeneration
Stlth  ++........               (no ring)
                                (no ring)

@: not resistant to hostile enchantments, unstealthy
A: change form in water, swift swim
a: Renounce Religion


You were on level 6 of the Dungeon.
You worshipped Okawaru.
Okawaru was noncommittal.
You were not hungry.

You visited 1 branch of the dungeon, and saw 6 of its levels.
You also visited: Sewer.

You collected 331 gold pieces.

Inventory:

Hand weapons
 a - a +1 trident (weapon)
 f - a +0 shortbow
Missiles
 v - 58 arrows (quivered)
Armour
 c - a +0 helmet (worn)
 e - a cursed +0 leather armour (worn)
 i - a +2 pair of boots (worn)
 x - a +0 pair of gloves (worn)
 z - a cursed +0 scale mail
 A - a +2 large shield (worn)
Jewellery
 m - an uncursed amulet of warding {unknown}
 n - an amulet of regeneration (around neck)
 u - a cursed ring of teleportation {unknown}
Magical devices
 t - a wand of fireball (8)
 B - a wand of magic darts (16)
Scrolls
 d - a scroll of identify
 h - 6 scrolls of teleportation
 p - 2 scrolls of blinking
 s - 2 scrolls of magic mapping
Potions
 b - a potion of cure mutation {unknown}
 g - a potion of resistance {unknown}
 k - 4 potions of might {unknown}
 l - a potion of lignification {unknown}
 o - a potion of heal wounds {unknown}
 q - 4 potions of curing {unknown}
 r - a potion of magic {unknown}
Books
 y - a book of the Dragon

   Spells                             Type                      Level
   a - Flame Tongue                   Conjuration/Fire             1
   b - Cause Fear                     Hexes                        4
   c - Bolt of Fire                   Conjuration/Fire             6
   d - Dragon Form                    Transmutation                7
   e - Dragon's Call                  Summoning                    9
Comestibles
 j - 4 fruits


   Skills:
 + Level 4.8 Fighting
 + Level 7.7 Polearms
 + Level 0.1 Bows
 + Level 2.8 Throwing
 + Level 2.5 Armour
 + Level 7.7 Dodging
 + Level 2.5 Stealth


You had 7 spell levels left.
You didn't know any spells.

Dungeon Overview and Level Annotations

Branches:
Dungeon (6/15)
 Temple: D:4-7

Altars:
Ashenzari
Fedhas
Okawaru
Qazlal
Yredelemnul


Message History

The orc priest hits you but does no damage.
The orc priest hits you with a club!
You barely miss the orc priest.
The orc priest is almost dead.
The orc priest hits you but does no damage.
You puncture the orc priest!
You kill the orc priest!
Okawaru accepts your kill.
The orc priest mumbles some strange prayers to Beogh against you.
Pain shoots through your body!
* * * LOW HITPOINT WARNING * * *
You hit the orc priest.
The orc priest is moderately wounded.
The orc priest hits you with a club.
* * * LOW HITPOINT WARNING * * *
You hit the orc priest.
The orc priest is moderately wounded.
The orc priest mumbles some strange prayers to Beogh against you.
Something smites you!
You die...

#....#..)#..### .#
####..
#.....##..##.###.
.....
#......##........
....##.............###
#...#....#.......##
#..#.#######†.#..#
#....# ##)###..# ####
##..## #.o# #..#
....###..##### #@##
#.. .............##.(#
#. ####............#
##.............
####..............
.##..#.............
....###...##.(.....
.##..##..####.......
##....## ..#


You could see an orc priest.

Vanquished Creatures
  Menkaure (D:4)
  An ogre (D:5)
  2 centaurs
  A big kobold (Sewer)
  A jelly (D:5)
  A wasp zombie (D:6)
  2 hounds (D:5)
  2 crimson imps
  2 orc priests (D:6)
  3 worker ants (D:5)
  A hound skeleton (D:5)
  8 adders
  3 river rats
  An adder zombie (D:4)
  3 oozes (Sewer)
  4 worms
  A giant gecko (D:2)
  7 orcs
  6 ball pythons
  12 bats
  A bat skeleton (D:5)
  11 hobgoblins
  A quokka (D:6)
  5 giant cockroaches
  7 giant newts
  8 goblins
  12 kobolds
  A quokka zombie (D:5)
  11 rats
119 creatures vanquished.

Notes
Turn   | Place    | Note
--------------------------------------------------------------
     0 | D:1      | Jakers the Merfolk Gladiator began the quest for the Orb.
     0 | D:1      | Reached XP level 1. HP: 16/16 MP: 1/1
   215 | D:1      | Reached XP level 2. HP: 6/22 MP: 2/2
   629 | D:1      | Reached XP level 3. HP: 26/28 MP: 3/3
   880 | D:2      | Reached skill level 1 in Armour
   915 | D:2      | Reached XP level 4. HP: 34/34 MP: 4/4
   960 | D:2      | Reached skill level 5 in Polearms
  1760 | D:4      | Found a blossoming altar of Fedhas.
  1760 | D:4      | Found a stormy altar of Qazlal.
  1795 | D:4      | Noticed Menkaure
  1808 | D:4      | Killed Menkaure
  1808 | D:4      | Reached skill level 5 in Dodging
  1808 | D:4      | Reached skill level 1 in Stealth
  1808 | D:4      | Reached XP level 5. HP: 22/41 MP: 5/5
  1838 | D:4      | Found a basalt altar of Yredelemnul.
  1929 | D:4      | Found a glowing drain.
  1935 | D:4      | Noticed a centaur
  1948 | D:4      | Killed a centaur
  1948 | D:4      | Reached skill level 6 in Polearms
  1948 | D:4      | Reached XP level 6. HP: 3/47 MP: 6/6
  2035 | Sewer    | Entered a sewer
  2322 | Sewer    | Reached XP level 7. HP: 46/53 MP: 7/7
  2372 | D:5      | Entered Level 5 of the Dungeon
  2417 | D:5      | Reached skill level 7 in Polearms
  2486 | D:5      | Found a shattered altar of Ashenzari.
  2997 | D:5      | Reached XP level 8. HP: 59/61 MP: 8/8
  3143 | D:5      | Found an iron altar of Okawaru.
  3148 | D:5      | Became a worshipper of Warmaster Okawaru
  3633 | D:6      | Killed from afar by an orc priest

Vault maps used:
D:1:      eino_arrival_cavern_a
D:2:      first_bread
D:4:      grunt_temple_overflow_forces_of_nature,
          nemelex_xobeh_ov_fountains_minmay, yredelemnul_altar_generic,
          portal_sewer_entry_c, uniq_menkaure
D:5:      kennysheep_little_box, basic_altar, small_statue_intersection
D:6:      grunt_decor_arrowhead
Sewer:    sewer_co_15_rooms

Action                   |  1- 3 |  4- 6 |  7- 9 || total
-------------------------+-------+-------+-------++-------
Melee: Trident           |   103 |   219 |   218 ||   540
 Fire: Shortbow          |       |       |     3 ||     3
Throw: Throwing net      |    17 |     9 |     1 ||    27
  Use: Scroll            |     3 |     6 |       ||     9
 Stab: Held in net/web   |     2 |     1 |       ||     3
       Sleeping          |       |     1 |     1 ||     2
  Eat: Pizza             |     1 |       |     1 ||     2
       Bread ration      |       |     2 |       ||     2
